 Dungeon Sprint DCSS version 0.21.2 (webtiles) character file.

1565 sanboga the Cleaver (level 8, -6/60 HPs)
             Began as a Gargoyle Berserker on Dec 21, 2018.
             Was a High Priest of Trog.
             Mangled by a polar bear (15 damage)
             ... in the Dungeon (Sprint II: "The Violet Keep of Menkaure").
             The game lasted 00:02:06 (609 turns).

sanboga the Cleaver (Gargoyle Berserker)             Turns: 609, Time: 00:02:07

Health: -6/60      AC: 21    Str: 23    XL:     8   Next: 89%
Magic:  8/8        EV:  9    Int:  8    God:    Trog [*****.]
Gold:   94         SH:  0    Dex:  9    Spells: 7/7 levels left

rFire    . . .     SeeInvis .   a - +0 hand axe
rCold    . . .     Gourm    .   (no shield)
rNeg     + . .     Faith    .   j - +1 chain mail {rPois}
rPois    ∞         Spirit   .   (no helmet)
rElec    +         Reflect  .   e - +1 cloak {+Inv}
rCorr    .         Harm     .   (no gloves)
MR       .....     NoTele   +   (no boots)
Stlth    ..........             (no amulet)
HPRegen  0.20/turn              (no ring)
MPRegen  0.11/turn              (no ring)

@: berserk cooldown, slowed, very slow
A: negative energy resistance 1, electricity resistance, unbreathing,
petrification resistance, rot immunity, AC +5
a: Berserk, Trog's Hand, Brothers in Arms, Burn Spellbooks, Renounce Religion,
Evoke Invisibility


You were in the Dungeon.
You worshipped Trog.
Trog was extremely pleased with you.
You were hungry.

You visited 1 branch You collected 729 gold pieces.
You spent 635 gold pieces at shops.

Inventory:

Hand Weapons
 a - a +0 hand axe (weapon)
Armour
 e - a +1 cloak of invisibility (worn)
 j - a +1 chain mail of poison resistance (worn)
Jewellery
 b - an uncursed ring of flight
Scrolls
 i - a scroll of blinking
Potions
 d - a potion of curing
 g - 2 potions of magic
 h - a potion of berserk rage
Comestibles
 c - a ration


   Skills:
 + Level 11.0 Fighting
 * Level 12.5 Axes
 + Level 10.8 Armour
 - Level 1.5 Dodging


You had 7 spell levels left.
You didn't know any spells.

Dungeon Overview and Level Annotations

Branches:
Dungeon (1/1)

Altars:
Cheibriados
Dithmenos
Elyvilon
Fedhas
Gozag
Kikubaaqudgha
Makhleb
Nemelex Xobeh
Okawaru
Sif Muna
Trog
Uskayaw
Vehumet
Yredelemnul
Zin
Jiyva
Lugonu

Shops:
D :}=?:[(=%?!}%%[!

Annotations:
D exclusion: oklob plant


Innate Abilities, Weirdness & Mutations

You are resistant to torment.
Your stone body is resilient. (AC +5)
You are immune to poison.
You resist negative energy. (rN+)
You are resistant to electric shocks. (rElec)
You can survive without breathing.
You are immune to petrification.
You are immune to rotting.


Message History

The yaktaur hits you but does no damage.
You hit the yaktaur.
The yaktaur is heavily wounded.
Your chain mail prevents you from hitting the polar bear.
The polar bear closely misses you.
The polar bear claws you but does no damage.
The polar bear barely misses you.
The polar bear bites you but does no damage.
The polar bear claws you but does no damage. x2
The yaktaur hits you!
* * * LOW HITPOINT WARNING * * *
You hit the yaktaur but do no damage.
The yaktaur is heavily wounded.
You hit the polar bear but do no damage.
The polar bear closely misses you.
The polar bear claws you but does no damage.
The polar bear barely misses you.
The yaktaur hits you but does no damage.
The polar bear bites you!
You die...

## #. .##.### +.### ..
...# ...#### w ##..##
#..##$# # .##..#
+..#.y# ###..#..#
#..#ch# .'.#
+..####..##@#
###†.#....###..(##▓▓ ##
.##......≈≈≈≈≈≈≈≈≈≈≈
.####≈≈..§.§≈#+########
#.#≈≈≈≈≈≈§§§≈#_._.....#
.##≈≈≈≈≈≈≈§.≈#._._....#
##≈§≈§≈≈§§≈≈≈#_._._...#
≈≈≈≈≈§≈≈≈≈≈§≈#._._._..#
+++#≈≈§§≈≈≈≈≈#_._._._.#


You could see a polar bear (berserk), a yaktaur and a hornet.

Vanquished Creatures
  2 polar bears (D)
  A vampire mosquito (D)
  Menkaure (D)
  4 neqoxecs (D)
  4 necrophages (D)
  4 worker ants (D)
16 creatures vanquished.

Vanquished Creatures (others)
  A crocodile (D)
1 creature vanquished.

Grand Total: 17 creatures vanquished

Notes
Turn   | Place    | Note
-------+----------+-------------------------------------------
     0 | D        | sanboga the Gargoyle Berserker began the quest for the Orb.
     0 | D        | Reached XP level 1. HP: 14/14 MP: 1/1
     1 | D        | Noticed a necrophage
     1 | D        | Noticed a necrophage
     1 | D        | Noticed a necrophage
     1 | D        | Noticed a necrophage
     7 | D        | Killed a necrophage
     7 | D        | Reached skill level 5 in Fighting
     7 | D        | Reached skill level 6 in Axes
     7 | D        | Reached skill level 5 in Armour
     7 | D        | Reached XP level 2. HP: 22/22 MP: 2/2
     7 | D        | Reached XP level 3. HP: 27/27 MP: 3/3
     7 | D        | Reached XP level 4. HP: 32/32 MP: 4/4
    16 | D        | Killed a necrophage
    16 | D        | Reached skill level 7 in Axes
    16 | D        | Reached XP level 5. HP: 37/37 MP: 5/5
    22 | D        | Killed a necrophage
    22 | D        | Reached ** piety under Trog
    22 | D        | Reached skill level 8 in Axes
    22 | D        | Reached XP level 6. HP: 31/44 MP: 6/6
    33 | D        | Killed a necrophage
    33 | D        | Reached skill level 9 in Axes
   149 | D        | Noticed a tyrant leech
   149 | D        | Noticed a tyrant leech
   153 | D        | Noticed a neqoxec
   153 | D        | Noticed a neqoxec
   153 | D        | Noticed a neqoxec
   153 | D        | Noticed a neqoxec
   163 | D        | Killed a neqoxec
   163 | D        | Reached XP level 7. HP: 50/50 MP: 7/7
   175 | D        | Killed a neqoxec
   175 | D        | Reached *** piety under Trog
   175 | D        | Reached skill level 10 in Axes
   180 | D        | Killed a neqoxec
   193 | D        | Killed a neqoxec
   193 | D        | Reached skill level 11 in Axes
   193 | D        | Reached XP level 8. HP: 30/57 MP: 8/8
   326 | D        | Reached **** piety under Trog
   326 | D        | Reached skill level 10 in Fighting
   380 | D        | Found Piposh's Food Boutique.
   380 | D        | Found Zicyhoos's Jewellery Shop.
   380 | D        | Found Hecuivuqoh's Distillery.
   380 | D        | Found Qoom's Food Shop.
   380 | D        | Found Rymmiak's Antique Weapon Boutique.
   381 | D        | Found Geirr's Distillery.
   381 | D        | Found Duthrem's Food Boutique.
   381 | D        | Found Izew Jud's Gadget Shop.
   381 | D        | Found Puodysk's Antique Armour Boutique.
   381 | D        | Found Voeq Bimm's Book Shop.
   381 | D        | Found Wasoso's Magic Scroll Boutique.
   382 | D        | Found Poekk's Jewellery Shop.
   382 | D        | Found Cebed's Gadget Boutique.
   383 | D        | Found Caups's Antique Armour Boutique.
   383 | D        | Found Aploedd's Magic Scroll Shop.
   384 | D        | Noticed Menkaure
   384 | D        | Noticed an oklob plant
   385 | D        | Found Bailil's Book Shoppe.
   387 | D        | Noticed a shining eye
   388 | D        | Noticed a shining eye
   390 | D        | Noticed a hell hog
   391 | D        | Noticed a hell hog
   402 | D        | Killed Menkaure
   402 | D        | Reached ***** piety under Trog
   418 | D        | Bought a glowing cloak for 195 gold pieces
   418 | D        | Bought a shiny chain mail for 195 gold pieces
   450 | D        | Bought an uncursed ring of flight for 245 gold pieces
   479 | D        | Reached skill level 10 in Armour
   572 | D        | Found an iron altar of Okawaru.
   572 | D        | Found a radiant altar of Vehumet.
   572 | D        | Found a glowing silver altar of Zin.
   573 | D        | Found a sparkling altar of Nemelex Xobeh.
   573 | D        | Found a hide-covered altar of Uskayaw.
   573 | D        | Found a basalt altar of Yredelemnul.
   574 | D        | Found an opulent altar of Gozag.
   574 | D        | Found a burning altar of Makhleb.
   574 | D        | Found a bloodstained altar of Trog.
   575 | D        | Found a blossoming altar of Fedhas.
   575 | D        | Found a corrupted altar of Lugonu.
   575 | D        | Found a deep blue altar of Sif Muna.
   579 | D        | Found a white marble altar of Elyvilon.
   579 | D        | Found an ancient bone altar of Kikubaaqudgha.
   583 | D        | Found a shadowy altar of Dithmenos.
   583 | D        | Found a viscous altar of Jiyva.
   584 | D        | Found a snail-covered altar of Cheibriados.
   586 | D        | Noticed a yaktaur
   586 | D        | Noticed a hornet
   586 | D        | Noticed a polar bear
   587 | D        | Noticed a polar bear
   596 | D        | Killed a polar bear
   596 | D        | Received a gift from Trog
   596 | D        | Reached skill level 12 in Axes
   597 | D        | Noticed a polar bear
   604 | D        | Killed a polar bear
   609 | D        | Mangled by a polar bear

Skill      XL: |  1  2  3  4  5  6  7  8 |
---------------+-------------------------+-----
Fighting       | 5 6 7 8 9 11 | 11.0
Axes           | 6 7 8 9 11 12 | 12.5
Armour         | 5 6 7 8 9 10 | 10.8
Dodging        | |  1.5

Action                   |  1- 3 |  4- 6 |  7- 9 || total
-------------------------+-------+-------+-------++-------
Melee: Hand axe          |     5 |    35 |    82 ||   122
Invok: Berserk           |     1 |     1 |     2 ||     4
  Use: Potion            |       |       |     2 ||     2
  Eat: Chunk             |       |       |     2 ||     2
Armor: Animal skin       |       |    15 |     4 ||    19
       Chain mail        |       |       |    45 ||    45
Dodge: Dodged            |     3 |    19 |    38 ||    60
